 Dungeon Crawl Stone Soup version 0.31-a0-4-gefa6de2278 (webtiles) character file.

Game seed: 15850158542181446025

92 bande the Shield-Bearer (level 4, -8/29 HPs)
             Began as a Gargoyle Fighter on May 4, 2023.
             Killed from afar by Ijyb (19 damage)
             ... with a bolt of acid
             ... on level 3 of the Dungeon.
             The game lasted 00:02:39 (1455 turns).

bande the Shield-Bearer (Gargoyle Fighter)          Turns: 1455, Time: 00:02:40

Health: -8/29      AC: 10    Str: 19    XL:     4   Next: 60%
Magic:  4/4        EV:  9    Int:  9    God:
Gold:   99         SH:  4    Dex: 11    Spells: 3/3 levels left

rFire   . . .        a - +0 war axe
rCold   + . .        c - +0 buckler
rNeg    + . .        b - +0 scale mail
rPois   ∞            (no helmet)
rElec   +            (no cloak)
rCorr   .            (no gloves)
SInv    .            (no boots)
Will    .....        (no amulet) Stlth
                     o - ring of protection from cold
HPRegen 0.24/turn    (no ring)
MPRegen 0.09/turn

%: no passive effects
@: no status effects
A: sickness immunity, AC +3, negative energy resistance 1, electricity
resistance, torment resistance 1, petrification resistance
a: no special abilities


You were on level 3 of the Dungeon.
You visited 1 branch of the dungeon, and saw 3 of its levels.

You collected 99 gold pieces.

Inventory:

Hand Weapons
 a - a +0 war axe (weapon)
Armour
 b - a +0 scale mail (worn)
 c - a +0 buckler (worn)
Jewellery
 o - a ring of protection from cold (left hand)
Scrolls
 l - a scroll of teleportation
 n - a scroll of enchant weapon {unknown}
Potions
 d - a potion of might
 e - 3 potions of resistance {unknown}
 f - a potion of heal wounds {unknown}
 g - a potion of ambrosia {unknown}
 h - a potion of flight {unknown}
 j - 2 potions of berserk rage {unknown}
 k - a potion of haste {unknown}
 m - a potion of brilliance {unknown}


   Skills:
 + Level 3.8 Fighting
 + Level 3.0 Axes
 + Level 3.7 Armour
 - Level 0.3 Dodging
 + Level 3.9 Shields


You had 3 spell levels left.
You didn't know any spells.
Your spell library contained the following spells:

 Spells                   Type           Power      Damage    Failure   Level
 Blink                    Tloc           0%         N/A       92%         2
 Manifold Assault         Tloc           0%         N/A       100%        4
 Storm Form               Tmut/Air       0%         N/A       100%        7


Dungeon Overview and Level Annotations

Branches:
Dungeon (3/15)

Altars:
The Shining One

Annotations:
D:3 Ijyb


Innate Abilities, Weirdness & Mutations

You are immune to sickness and miasma.
Your stone body is resilient. (AC +3)
You are immune to poison.
You resist negative energy. (rN+)
You are resistant to electric shocks. (rElec)
You are resistant to unholy torment.
You are immune to petrification.


Message History

No target in view!
Found a stone staircase leading down.
You see here 4 large rocks.
There is a stone staircase leading down here.
A ball python comes into view.
The ball python hisses angrily.
The ball python bites you but does no damage.
The ball python barely misses you.
You slash the ball python!
You kill the ball python!
No target in view!
No target in view!
No target in view!
No target in view!
You enter the shallow water.
Moving in this stuff is going to be slow.
Found 3 boomerangs.
No target in view!
Ijyb the Twisted Goblin comes into view.
She is wielding a +0 club and carrying a wand of acid (8).
Ijyb zaps a wand.
The bolt of acid hits you!
You hear a shout!
An orc comes into view. It is wielding a +0 club.
You closely miss Ijyb. Ijyb closely misses you.
You closely miss Ijyb. You block Ijyb's attack.
Ijyb zaps a wand.
The bolt of acid hits you!
Ouch! That really hurt!
* * * LOW HITPOINT WARNING * * *
The orc hits you but does no damage.
You are too injured to fight recklessly!
You are too injured to fight recklessly!
You are too injured to fight recklessly!
You are too injured to fight recklessly!
You are too injured to fight recklessly!
You are too injured to fight recklessly!
You are too injured to fight recklessly!
Unknown command.
You feel better. You block the orc's attack.
Ijyb zaps a wand.
The bolt of acid hits you!!
Ouch! That really hurt!
You die...

###...........#
..........##..#
###.###.####..####
##.#.##.####..##..
..###.........##.#
##(#.##.####.###.#
###.###.####.###.#
##...>.....♣~.##.#
##.#.......PP~..@#
##.........~~~#.og.(...#
###########~P~#.######.#
# #.~.#.# ........
#####.... ######


You could see Ijyb and an orc.

Vanquished Creatures
  2 adders (D:2)
  A dart slug (D:1)
  4 endoplasms
  A giant cockroach (D:1)
  11 hobgoblins
  5 jackals (D:1)
  7 kobolds
  6 quokkas
  6 ball pythons
  5 bats
  A frilled lizard (D:1)
  5 goblins
  10 rats
64 creatures vanquished.

Vanquished Creatures (others)
  27 plants (D:3)
27 creatures vanquished.

Grand Total: 91 creatures vanquished

Notes
Turn   | Place    | Note
-------+----------+-------------------------------------------
     0 | D:1      | bande the Gargoyle Fighter began the quest for the Orb.
     0 | D:1      | Reached XP level 1. HP: 14/14 MP: 1/1
     2 | D:1      | Noticed a spriggan
     2 | D:1      | Noticed a vampire
     4 | D:1      | Noticed a felid
     4 | D:1      | Noticed an armataur
     6 | D:1      | Noticed a draconian
     6 | D:1      | Noticed a merfolk
     8 | D:1      | Noticed a demigod
     8 | D:1      | Noticed a naga
    10 | D:1      | Noticed an elf
    10 | D:1      | Noticed a meteoran
    12 | D:1      | Noticed a troll
    14 | D:1      | Noticed a demonspawn
    16 | D:1      | Noticed an octopode
    16 | D:1      | Noticed an ogre
    18 | D:1      | Noticed a ghoul
    20 | D:1      | Noticed a vine stalker
    20 | D:1      | Noticed a minotaur
    22 | D:1      | Noticed a gargoyle
    22 | D:1      | Noticed a human
    24 | D:1      | Noticed a tengu
    24 | D:1      | Noticed a vine stalker
    26 | D:1      | Noticed a vine stalker
    26 | D:1      | Noticed a felid
    55 | D:1      | Reached XP level 2. HP: 19/19 MP: 2/2
   288 | D:1      | Reached XP level 3. HP: 23/23 MP: 3/3
   565 | D:2      | Reached XP level 4. HP: 29/29 MP: 4/4
   602 | D:2      | Found a glowing golden altar of the Shining One.
  1449 | D:3      | Noticed Ijyb
  1455 | D:3      | Killed from afar by Ijyb

Illustrated notes

Levels and vault maps discovered:
D:1:      kb_arrival_jail, layout_basic
D:2:      layout_basic, basic_altar, minmay_statues_item,
          minmay_misc_feat_ornament
D:3:      layout_loops_ring, serial_bayou, serial_bayou_shore_b,
          serial_bayou_pond_b, serial_bayou_pond_a, serial_bayou_lagoon_a,
          serial_bayou_pond_e, uniq_ijyb

Skill      XL: |  1  2  3  4 |
---------------+-------------+-----
Axes           | 2 3 |  3.0
Fighting       | |  3.8
Armour         | |  3.7
Dodging        | |  0.3
Shields        | |  3.9

Action                     |  1- 3 |  4- 6 || total
---------------------------+-------+-------++-------
  Melee: War axe           |    87 |    61 ||   148
    Use: Scroll            |     5 |     1 ||     6
         Potion            |       |     1 ||     1
 Armour: Scale mail        |    51 |    25 ||    76
  Dodge: Dodged            |    51 |    34 ||    85
  Block: Buckler           |    22 |    12 ||    34

Table legend: (Time is in decaauts)
 A = Elapsed time spent in this place.
 B = Non-inter-level travel time spent in this place.
 C = Inter-level travel time spent in this place.
 D = Time resting spent in this place.
 E = Time spent auto-exploring this place.
 F = Levels seen in this place.
 G = Mean time per level.
                   A        B        C        D        E       F      G
               +--------+--------+--------+--------+--------+-----+--------+
         Total |   1516 |   1422 |     94 |      0 |   1023 |   3 |  505.3 |
       Dungeon |   1516 |   1422 |     94 |      0 |   1023 |   3 |  505.3 |
               +--------+--------+--------+--------+--------+-----+--------+

Top non-repeatable levels by time:
     D:2: 835 daAuts
     D:1: 522 daAuts
     D:3: 158 daAuts
